 Dungeon Crawl Stone Soup version 0.29.0-13-gc9e81de378 (webtiles) character file.

Game seed: 9710963839763432225

270 Strat the Chopper (level 6, -2/55 HPs)
             Began as a Hill Orc Abyssal Knight on Sept 9, 2022.
             Was a Priest of Lugonu.
             Slain by Menkaure (18 damage)
             ... on level 4 of the Dungeon.
             The game lasted 00:07:05 (4653 turns).

Strat the Chopper (Hill Orc Abyssal Knight)         Turns: 4653, Time: 00:07:05

Health: -2/55      AC:  9    Str: 18    XL:     6   Next: 22%
Magic:  7/7        EV: 10    Int: 10    God:    Lugonu [***...]
Gold:   109        SH:  0    Dex: 11    Spells: 5/5 levels left

rFire   . . .      SeeInvis .   a - +1 hand axe (flame)
rCold   . . .      Faith    .   (no shield)
rNeg    . . .      Spirit   .   q - +0 ring mail
rPois   .          Reflect  .   j - +0 helmet
rElec   .          Harm     .   (no cloak)
rCorr   .          Rampage  .   (no gloves)
Will    .....                   f - +1 pair of boots
Stlth   +.........              (no amulet)
HPRegen 0.18/turn               (no ring)
MPRegen 0.10/turn               (no ring)

@: no status effects
A: no striking features
a: Renounce Religion, Depart the Abyss, Bend Space, Banish


You were on level 4 of the Dungeon.
You worshipped Lugonu.
Lugonu was most pleased with you.
You visited 1 branch of the dungeon, and saw 4 of its levels.
You visited the Abyss 1 time.

You collected 109 gold pieces.

Inventory:

Hand Weapons
 a - a +1 hand axe of flaming (weapon)
 b - a +0 sling
Missiles
 i - 3 poisoned darts
 k - a throwing net
Armour
 f - a +1 pair of boots (worn)
 g - a +0 leather armour
 j - a +0 helmet (worn)
 q - a +0 ring mail (worn)
Jewellery
 u - a ring of ice
Wands
 o - a wand of paralysis (8)
Scrolls
 e - 2 scrolls of teleportation
 l - a scroll of identify
 n - a scroll of butterflies
Potions
 c - a potion of berserk rage {unknown}
 d - a potion of curing {unknown}
 h - 2 potions of mutation
 m - a potion of invisibility
 p - a potion of heal wounds {unknown}
 s - a potion of haste
 w - 2 potions of attraction {unknown}
 z - a potion of might {unknown}


   Skills:
 + Level 4.8 Fighting
 + Level 6.8 Axes
 + Level 3.5 Armour
 - Level 0.7 Dodging
 - Level 2.4 Invocations


You had 5 spell levels left.
You didn't know any spells.
Your spell library contained the following spells:

 Spells                   Type           Power      Damage    Failure   Level
 Magic Dart               Conj           0%         1d3       54%         1
 Summon Small Mammal      Summ           0%         N/A       54%         1
 Blink                    Tloc           0%         N/A       69%         2
 Call Imp                 Summ           0%         N/A       69%         2
 Call Canine Familiar     Summ           0%         N/A       89%         3
 Mephitic Cloud           Conj/Pois/Air  0%         N/A       89%         3
 Ozocubu's Armour         Ice            0%         N/A       89%         3
 Summon Guardian Golem    Hex/Summ       0%         N/A       89%         3
 Manifold Assault         Tloc           0%         N/A       100%        5
 Metabolic Englaciation   Hex/Ice        0%         N/A       100%        5
 Simulacrum               Ice/Necr       0%         N/A       100%        6
 Storm Form               Tmut/Air       0%         N/A       100%        7


Dungeon Overview and Level Annotations

Branches:
Dungeon (4/15)
 Temple: D:4-7

Altars:
Dithmenos
Nemelex Xobeh
Ru
Xom

Shops:
D:3 (

Annotations:
D:3 1 transporter
D:4 Menkaure


Message History

Menkaure shouts!
Menkaure is nearby!
Okay, then.
Press: ? - help, v - describe, . - travel
Here: Menkaure The floor.
Okay, then.
Okay, then.
Menkaure hits you but does no damage.
The gnoll drinks a potion.
The gnoll seems to speed up.
You barely miss Menkaure.
Menkaure sighs a few words.
Menkaure hits you!
You hit Menkaure. You burn Menkaure.
Menkaure is lightly damaged.
Menkaure closely misses you.
You hit Menkaure but do no damage.
Menkaure is lightly damaged.
Menkaure mumbles some strange words.
Menkaure seems to speed up.
You hit Menkaure but do no damage.
Menkaure is lightly damaged.
Menkaure gestures at you while chanting.
Pain shoots through your body!
* * * LOW HITPOINT WARNING * * *
The gnoll hits you from afar with a +0 spear.
* * * LOW HITPOINT WARNING * * *
You hit Menkaure. You burn Menkaure.
Menkaure is heavily damaged.
The gnoll misses you. Menkaure hits you!
* * * LOW HITPOINT WARNING * * *
Unknown command.
You hit Menkaure but do no damage.
Menkaure is heavily damaged.
The gnoll hits you but does no damage. Menkaure hits you.
* * * LOW HITPOINT WARNING * * *
You hit Menkaure. You burn Menkaure.
Menkaure is severely damaged.
The gnoll closely misses you. Menkaure hits you!!
You die...

#..............#
#..............##
##..............#
#.............#
##...........# ####
#..........## ##..#####
####........###.......##
##..######..........>.##
####..##
###@.g........##
##....##
#..M..........## .
#......####
#..............##..
..........#
#...............#.M
..........#
#...........S......
.........##
##.................
........##
##................
........#
................
#......##
#...............


You could see Menkaure (fast) and a gnoll (fast).

Vanquished Creatures
  A jelly (D:4)
  A gnoll bouda (D:4)
  11 gnolls
  4 adders
  3 worms (D:2)
  A dart slug (D:3)
  An orc (D:3)
  7 endoplasms
  A giant cockroach (D:4)
  5 hobgoblins
  2 jackals (D:4)
  4 kobolds
  3 quokkas
  5 ball pythons
  3 bats
  2 frilled lizards
  7 goblins
  4 rats
65 creatures vanquished.

Vanquished Creatures (others)
  5 dream sheep (D:3)
  2 plants (D:2)
7 creatures vanquished.

Grand Total: 72 creatures vanquished

Notes
Turn   | Place    | Note
-------+----------+-------------------------------------------
     0 | Abyss:1  | Strat the Hill Orc Abyssal Knight began the quest for the
                  | Orb.
     0 | Abyss:1  | Reached XP level 1. HP: 19/19 MP: 2/2
     1 | D:1      | Escaped the Abyss
    50 | D:1      | Reached skill level 3 in Axes
   269 | D:1      | Found a faded altar of an unknown god.
   293 | D:1      | Reached XP level 2. HP: 26/26 MP: 3/3
   443 | D:1      | Reached skill level 4 in Axes
   986 | D:1      | Reached *** piety under Lugonu
  1216 | D:2      | Reached XP level 3. HP: 31/31 MP: 4/4
  1390 | D:2      | Reached skill level 5 in Axes
  1576 | D:2      | Reached XP level 4. HP: 32/39 MP: 5/5
  2038 | D:3      | Noticed a dream sheep
  2038 | D:3      | Noticed a dream sheep
  2038 | D:3      | Noticed a dream sheep
  2038 | D:3      | Noticed a dream sheep
  2038 | D:3      | Noticed a dream sheep
  2038 | D:3      | Found a shimmering altar of Xom.
  2042 | D:3      | Killed a dream sheep
  2042 | D:3      | Killed a dream sheep
  2042 | D:3      | Killed a dream sheep
  2042 | D:3      | Killed a dream sheep
  2043 | D:3      | Killed a dream sheep
  2073 | D:3      | Reached skill level 6 in Axes
  2094 | D:3      | Found a shadowy altar of Dithmenos.
  2227 | D:3      | Found a sacrificial altar of Ru.
  2784 | D:3      | Reached XP level 5. HP: 26/43 MP: 6/6
  3007 | D:3      | Found Goawapyr's Weapon Boutique.
  3062 | D:3      | Found a sparkling altar of Nemelex Xobeh.
  3062 | D:3      | Found a transporter.
  3341 | D:4      | Noticed Menkaure
  4334 | D:4      | Reached XP level 6. HP: 32/53 MP: 7/7
  4653 | D:4      | Slain by Menkaure

Illustrated notes

Levels and vault maps discovered:
D:1:      lightli_arrival_quake, layout_basic,
          shapermc_ecumenical_altar_mp_ritualfount, lemuel_flame_loot_1
D:2:      layout_rooms, serial_forest, infiniplex_forest_clump_curved,
          infiniplex_forest_straight_1, infiniplex_forest_end_1,
          infiniplex_forest_lined_room_, infiniplex_forest_zigzag_1,
          serial_bayou_ford_a
D:3:      layout_basic, nicolae_dithmenos_shadow_blocks,
          lemuel_coloured_pillars_altar, kb_xom_exploding_sheep,
          grunt_nemelex_the_gamble, serial_shops, shop
D:4:      layout_cave_pods, uniq_menkaure

Skill      XL: |  1  2  3  4  5 |
---------------+----------------+-----
Axes           | 3 4 5 6 |  6.8
Fighting       | 4 |  4.8
Armour         | 3 |  3.5
Dodging        | |  0.7
Invocations    | |  2.4

Action                   |  1- 3 |  4- 6 || total
-------------------------+-------+-------++-------
Melee: Hand axe          |    75 |   120 ||   195
       Punch             |       |     1 ||     1
 Fire: Sling             |    52 |    28 ||    80
  Use: Scroll            |       |    10 ||    10
       Potion            |       |     2 ||     2
 Stab: Invisible         |       |     5 ||     5
Armor: Leather armour    |    37 |    10 ||    47
       Ring mail         |       |    52 ||    52
Dodge: Dodged            |    45 |    68 ||   113
